Map: Prion Terraces

Players

VitamiN

  • Race: Zerg Zerg
  • League: Diamond

Protosser - Winner!

  • Race: Zerg Zerg
  • League: Grandmaster

Event: DreamHack ZOWIE Open Leipzig

VOD

Have the link to the VOD?

Description

Time

  • Played on: Jan. 22, 2016, 7:54 a.m.
  • Length: 4:56

All games in this series

Show
View Real Time Build Order
Export as new Build Order

VitamiN Zerg 

Build Orders: Pool First, Zergling Baneling 

Get SALT Encoding   

  12  0:00  Drone  
  13  0:13  Overlord  
  13  0:17  Drone  
  14  0:31  Drone  
  14  0:32  Drone  
  16  0:36  Drone  
  17  0:45  Spawning Pool  
  17  0:47  Drone  
  17  0:59  Drone  
  18  1:13  Hatchery  
  18  1:15  Drone  
  18  1:19  Extractor  
  18  1:23  Overlord  
  17  1:33  Queen  
  17  1:37  Zergling x2  
  20  1:47  Drone  
  20  1:53  Drone  
  22  2:12  Queen  
  22  2:15  Overlord  
  24  2:17  Drone  
  25  2:32  Metabolic Boost  
  25  2:33  Drone x3  
  27  2:44  Spine Crawler  
  27  2:47  Baneling Nest  
  27  2:48  Zergling x4  
  27  2:54  Zergling x4  
  29  2:59  Zergling x4  
  31  3:08  Zergling x2  
  27  3:28  Zergling x12  
  31  3:39  Zergling x4  
  28  3:45  Zergling x2  
  28  3:48  Queen  
  26  3:55  Drone  
  27  3:57  Baneling x2  
  27  3:58  Baneling x2  
  27  4:01  Drone x4  
  31  4:08  Zergling x2  
  31  4:09  Zergling x2  
  29  4:26  Drone x3  
  29  4:27  Drone x2  
  31  4:41  Baneling x2  
  31  4:42  Baneling x2  
Show
View Real Time Build Order
Export as new Build Order

Protosser Zerg - Winner!

Build Orders: Pool First, Zergling Baneling 

Get SALT Encoding   

  12  0:00  Drone  
  13  0:13  Overlord  
  13  0:17  Drone  
  14  0:31  Drone  
  14  0:32  Drone  
  17  0:35  Drone  
  17  0:39  Extractor  
  16  0:46  Drone  
  17  0:50  Spawning Pool  
  16  0:57  Drone  
  17  1:08  Drone  
  18  1:21  Hatchery  
  18  1:25  Drone  
  18  1:36  Queen  
  20  1:42  Metabolic Boost  
  20  1:46  Drone  
  21  1:53  Overlord  
  21  1:59  Zergling x2  
  22  2:03  Baneling Nest  
  21  2:13  Queen  
  23  2:16  Zergling x2  
  23  2:21  Zergling x2  
  25  2:29  Zergling x2  
  26  2:35  Zergling x2  
  27  2:37  Zergling x2  
  28  2:45  Zergling x2  
  28  2:46  Zergling x4  
  31  2:52  Zergling x2  
  31  2:56  Zergling x2  
  33  3:01  Baneling x2  
  33  3:02  Baneling x2  
  33  3:06  Zergling x4  
  29  3:27  Zergling x10  
  29  3:28  Zergling x4  
  29  3:33  Zergling x2  
  35  3:37  Zergling x4  
  35  3:40  Overlord  
  36  3:53  Overlord x2  
  35  3:57  Baneling  
  35  3:58  Baneling x4  
  35  4:07  Zergling x2  
  35  4:08  Zergling x10  
  35  4:25  Zergling x2  
  35  4:28  Zergling x10  
  41  4:32  Zergling x6  

Tags
 
Add a new tag
Caveats
  • Supply blocks, unpowered buildings, or Contaminate may cause inaccurate times.
  • Supply counts are checked every 10 seconds.